 Dungeon Crawl Stone Soup version 0.17-a0-1840-g87820a2 (webtiles) character file.

247 Malak the Caller (level 5, -6/28 HPs)
             Began as a Deep Elf Summoner on Sept 14, 2015.
             Killed from afar by an orc wizard (8 damage)
             ... with a magic dart
             ... on level 4 of the Dungeon on Sept 16, 2015.
             The game lasted 00:36:57 (3688 turns).

Malak the Caller (Deep Elf Summoner)                Turns: 3688, Time: 00:36:57

Health: -6/28      AC:  3    Str:  5    XL:     5   Next: 85%
Magic:  15/23      EV: 15    Int: 21    God:
Gold:   229        SH:  0    Dex: 15    Spells: 4 memorised, 4 levels left

rFire  . . .     SeeInvis .     u - -2 dagger (curse)
rCold  . . .     Clarity  .     a - +0 robe
rNeg   . . .     SustAt   .     (no shield)
rPois  .         Gourm    .     (no helmet)
rElec  .         Spirit   .     t - +0 cloak
rCorr  .         Warding  .     (no gloves)
rMut   .         Stasis   .     (no boots)
MR     .....                    (no amulet)
Stlth  ++........               A - +1 ring of evasion
                                B - ring of magical power

@: not resistant to hostile enchantments, unstealthy
A: no striking features
a: no special abilities


You were on level 4 of the Dungeon.
You were not hungry.

You visited 1 branch of the dungeon, and saw 4 of its levels.

You collected 229 gold pieces.

Inventory:

Hand weapons
 d - a +0 dagger
 e - a +0 club
 u - a cursed -2 dagger (weapon)
Armour
 a - a +0 robe (worn)
 t - a +0 cloak (worn)
Jewellery
 j - an uncursed ring of see invisible
 s - an uncursed ring of fire
 A - a +1 ring of evasion (right hand)
 B - a ring of magical power (left hand)
 C - an uncursed ring of sustain attributes
Magical devices
 y - a wand of hasting (3)
 D - a wand of paralysis (6)
 H - a wand of confusion (24)
Scrolls
 f - 3 scrolls of remove curse
 g - 3 scrolls of blinking {unknown}
 h - 4 scrolls of identify {unknown}
 k - 6 scrolls of enchant armour {unknown}
 l - 2 scrolls of teleportation {unknown}
 o - 2 scrolls of enchant weapon {unknown}
 q - a scroll of magic mapping {unknown}
 v - a scroll of amnesia {unknown}
Potions
 i - 2 potions of heal wounds {unknown}
 m - 2 potions of curing {unknown}
 p - a potion of degeneration {unknown}
 r - 2 potions of mutation {unknown}
 w - a potion of brilliance {unknown}
 F - a potion of invisibility {unknown}
Books
 b - a book of Callings

   Spells                             Type                      Level
   a - Summon Small Mammal            Summoning                    1
   b - Call Imp                       Summoning                    2
   c - Call Canine Familiar           Summoning                    3
   d - Summon Guardian Golem          Hexes/Summoning              3
   e - Summon Lightning Spire         Summoning/Air                4
   f - Summon Ice Beast               Ice/Summoning                4
 G - a book of the Warp

   Spells                             Type                      Level
   a - Recall                         Summoning/Translocation      3
   b - Gell's Gravitas                Hexes/Translocation          3
   c - Force Lance                    Conjuration/Translocation    4
   d - Phase Shift                    Translocation                5
   e - Warp Weapon                    Charms/Translocation         5
   f - Summon Forest                  Summoning/Translocation      5
Comestibles
 c - 2 bread rations
 n - a meat ration
 z - 2 slices of pizza


   Skills:
 - Level 0.1 Fighting
 + Level 3.7 Dodging
 + Level 3.2 Stealth
 + Level 5.2 Spellcasting
 + Level 5.9 Summonings
 - Level 1.1 Air Magic


You had 4 spell levels left.
You knew the following spells:

 Your Spells              Type           Power        Failure   Level  Hunger
a - Summon Small Mammal   Summ           ####         1%          1    None
b - Call Imp              Summ           ####....     1%          2    None
c - Call Canine Familiar  Summ           ####....     2%          3    ##.....
d - Summon Lightning Spi  Summ/Air       ###.....     28%         4    ####...


Dungeon Overview and Level Annotations

Branches:
Dungeon (4/15)
 Temple: D:4-7

Altars:
Kikubaaqudgha


Message History

Your hound bites the orc priest.
The orc priest dies!
An orc wizard comes into view. It is wielding a dagger.
Your hound closely misses the orc.
Your iron imp hits the phantom!
Your hound bites the orc.
Your crimson imp misses the phantom.
Your hound bites the orc.
Your hound bites the orc.
The phantom misses you.
Your crimson imp barely misses the phantom.
The orc wizard looks braver for a moment.
Your hound misses the orc.
Your iron imp misses the phantom.
Your white imp misses something.
Your iron imp disappears in a puff of smoke!
Your crimson imp blinks!
The phantom blinks!
The orc barely misses your hound.
Your white imp gestures at the phantom.
The puff of frost hits the phantom.
The phantom completely resists.
A magic dart appears from out of thin air!
The magic dart hits you!
You die...

..................#.....#
....................##..#
........................#
........................##
...............[............##.#
............................##.##
.....)...................#.####.#
........................##.## #.#
................@...........# #..
.......................#....###..
.............{........##.....#...
............h.........##.........
.........o.......................
...............W....##.......(...
!†.........5.....................
....o.............#...####.......
#.................###..# ###.....


You could see a phantom, an orc, a friendly hound and a friendly white imp.

Vanquished Creatures
  A goblin (D:3)
  2 bats (D:2)
  A giant newt (D:2)
  A rat (D:2)
5 creatures vanquished.

Vanquished Creatures (collateral kills)
  The ghost of Restia the Slasher, an average FoFi (D:3)
  A hound (D:4)
  Ijyb (D:3)
  A centaur skeleton (D:4)
  2 orc priests (D:4)
  An iguana (D:4)
  2 worker ants (D:4)
  5 adders
  An ooze (D:1)
  A worm (D:3)
  3 giant geckos
  5 orcs
  5 giant cockroaches
  5 hobgoblins
  7 jackals
  2 bats
  4 giant newts
  6 goblins
  5 kobolds
  4 rats
62 creatures vanquished.

Vanquished Creatures (others)
  A human (D:2)
1 creature vanquished.

Grand Total: 68 creatures vanquished

Notes
Turn   | Place    | Note
--------------------------------------------------------------
     0 | D:1      | Malak the Deep Elf Summoner began the quest for the Orb.
     0 | D:1      | Reached XP level 1. HP: 10/10 MP: 6/6
   344 | D:1      | Reached XP level 2. HP: 15/15 MP: 6/8
   348 | D:1      | Learned a level 2 spell: Call Imp
  1385 | D:2      | Found an ancient bone altar of Kikubaaqudgha.
  1388 | D:2      | Noticed a human
  1390 | D:2      | Killed a human
  1470 | D:2      | Reached skill level 5 in Summonings
  1693 | D:2      | Reached XP level 3. HP: 19/19 MP: 7/9
  1698 | D:2      | Learned a level 3 spell: Call Canine Familiar
  2227 | D:3      | Noticed Ijyb
  2232 | D:3      | Paralysed by Ijyb for 3 turns
  2244 | D:3      | Killed Ijyb
  2244 | D:3      | Reached XP level 4. HP: 24/24 MP: 6/11
  2421 | D:3      | Learned a level 4 spell: Summon Lightning Spire
  2709 | D:3      | Noticed Restia's ghost (average FoFi)
  2727 | D:3      | Killed Restia's ghost
  2727 | D:3      | Reached XP level 5. HP: 28/28 MP: 8/13
  3132 | D:4      | Reached skill level 1 in Air Magic
  3179 | D:4      | Upgraded the game from 0.17-a0-1830-g81820eb to 0.17-a0-1840-g87820a2
  3641 | D:4      | Noticed a phantom
  3646 | D:4      | Reached skill level 5 in Spellcasting
  3673 | D:4      | HP: 1/28 [orc priest/divine providence (13)]
  3688 | D:4      | Killed from afar by an orc wizard

Vault maps used:
D:1:      saegor_arrival_simple_d
D:2:      tgw_kikubaaqudgha
D:3:      hangedman_decor_riveting, uniq_iyjb
D:4:      temple_statues, first_bread, kennysheep_generic_room_4

Action                   |  1- 3 |  4- 6 || total
-------------------------+-------+-------++-------
Melee: Dagger            |    19 |     4 ||    23
 Cast: Summon Small Mamm |    13 |       ||    13
       Call Imp          |    25 |    20 ||    45
       Call Canine Famil |     4 |    14 ||    18
  Use: Scroll            |     1 |       ||     1
 Stab: Sleeping          |     3 |       ||     3
  Eat: Chunk             |     5 |     4 ||     9
       Beef jerky        |       |     1 ||     1
